Unix NetHack Version 5.0.0-0 post-release - last build May 17 2026 04:57:42 (dc50c8380fa5e20985bfe3072449f57b8d9895ef,branch:main).

Game began 2026-05-20 11:57:15, ended 2026-05-20 11:58:50.

FutureTim, lawful female human Valkyrie

                                                 --------
                                                 |(.....|
                                                 |m@f....#
                                                 ......(|#
                                                 --------#
                                                         #       `#######
                                                         #         -----.----
                                                        ##         |........|
                                                       ##          |.<......|
                                                       #-----######.........|
                                                      ##-.).-#     |........|
                                                      # |...|      ----------
                                                        |...|
                                                        |...|
                                                        -----

FutureTim the Skirmisher    St:18/01 Dx:13 Co:18 In:8 Wi:9 Ch:8  Lawful
Dlvl:1  $:2  HP:0(27) Pw:6(6) AC:6  Xp:3 T:154 

Latest messages:
 You see here 2 gold pieces.
 $ - 2 gold pieces.
 You see here an orcish bow.
 The door opens.
 You see here an axe.
 The kitten picks up an orcish bow.
 The kitten drops an orcish bow.
 You swap places with your kitten.
 You don't know any spells right now.
 You swap places with your kitten.
 That chest is a small mimic!
 The small mimic hits!
 You hit the small mimic!
 You hit the small mimic!
 You kill the small mimic!
 Welcome to experience level 2.
 That chest is a small mimic!
 The small mimic hits!
 You hit the small mimic!
 You miss the small mimic.
 You miss the small mimic.
 You miss the small mimic.
 You hit the small mimic!
 The small mimic hits!
 You kill the small mimic!
 Welcome to experience level 3.
 You feel stealthy!
 You swap places with your kitten.
 You hear some noises.
 You see here a chest.
 In what direction? 6
 You kick a chest.
 THUD!
 You break open the lock!
 You trigger a trap!
 But luckily the explosive charge is a dud!
 You see here a broken chest.
 The chest is empty.
 You see here a chest.
 That chest is a giant mimic!
 You miss the giant mimic.
 You hit the giant mimic!
 You miss the giant mimic.
 The giant mimic hits!
 The giant mimic hits again!
 You cannot escape from the giant mimic!
 You cannot escape from the giant mimic!
 The giant mimic hits!
 You die...
 Do you want your possessions identified? [ynq] (y) q

Inventory:
 Coins    ('$')
  $ - 2 gold pieces
 Weapons  (')')
  b - a +0 dagger (alternate weapon; not wielded)
  a - a +1 spear (weapon in right hand)
 Armor    ('[')
  c - a blessed +3 small shield (being worn)
 Comestibles  ('%')
  d - 2 uncursed food rations
 Rings    ('=')
  e - an uncursed ring of warning (on right hand)

FutureTim the Valkyrie's attributes:

Background:
 You were a Skirmisher, a level 3 human Valkyrie.
 You were lawful, on a mission for Tyr
 who was opposed by Odin (neutral) and Loki (chaotic).
 You were right-handed.
 You were in the Dungeons of Doom, on level 1.
 You entered the dungeon 154 turns ago.
 You had 75 experience points, 5 more were needed to attain level 4.

Basics:
 You had 0 out of 27 hit points.
 You had all 6 energy points (spell power).
 Your armor class was 6.
 Your wallet contained 2 zorkmids.
 Autopickup was off.

Final Characteristics:
 Your strength was 18/01 (limit:18/100).
 Your dexterity was 13 (limit:18).
 Your constitution was 18 (limit:18).
 Your intelligence was 8 (limit:18).
 Your wisdom was 9 (limit:18).
 Your charisma was 8 (limit:18).

Final Status:
 You were held by a giant mimic (west).
 You weren't hungry.
 You were unencumbered.
 You were wielding a spear.
 You had basic skill with spear.

Final Attributes:
 You were fervently aligned.
 You were cold resistant.
 You were warned.
 You were stealthy.
 You are dead.

Miscellaneous:
 You didn't encounter any bones levels.
 Total elapsed playing time was 1 minute and 34 seconds.

Major events:
 Turn
    1: FutureTim the lawful human Valkyrie entered the dungeon
   87: attained the rank of Skirmisher (level 3)
  154: killed by a giant mimic

You didn't know any spells.

Skills:
 Fighting Skills
   bare handed combat [Unskilled]
   two weapon combat  [Unskilled]
   riding             [Unskilled]
 Weapon Skills
   dagger             [Basic]
   axe                [Unskilled]
   pick-axe           [Unskilled]
   short sword        [Unskilled]
   broadsword         [Unskilled]
   long sword         [Unskilled]
   two-handed sword   [Unskilled]
   saber              [Unskilled]
   hammer             [Unskilled]
   quarterstaff       [Unskilled]
   polearms           [Unskilled]
   spear              [Basic]
   trident            [Unskilled]
   lance              [Unskilled]
   sling              [Unskilled]
 Spellcasting Skills
   attack spells      [Unskilled]
   escape spells      [Unskilled]

Voluntary challenges:
 Character rerolling was not enabled.
 You went without food.
 You were an atheist.
 You were illiterate.
 You never genocided any monsters.
 You never polymorphed an object.
 You never changed form.
 You used no wishes.
Achievement:
 You attained the rank of Skirmisher.

 The Dungeons of Doom:
    Level 1: <- You were here.
       Final resting place for
          you, killed by a giant mimic.


Vanquished creatures:
  2 small mimics
  2 newts
4 creatures vanquished.

No species were genocided or became extinct.

Game over:
                       ----------
                      /          \
                     /    REST    \
                    /      IN      \
                   /     PEACE      \
                  /                  \
                  |    FutureTim     |
                  |       2 Au       |
                  |   killed by a    |
                  |   giant mimic    |
                  |                  |
                  |                  |
                  |       2026       |
                 *|     *  *  *      | *
        _________)/\\_//(\/(/\)/\//\/|_)_______

Farvel FutureTim the Valkyrie...

You died in The Dungeons of Doom on dungeon level 1 with 302 points,
and 2 pieces of gold, after 154 moves.
You were level 3 with a maximum of 27 hit points when you died.

